 Dungeon Crawl Stone Soup version 0.31-a0-460-g9e667d4245 (webtiles) character file.

Game seed: 1834557877542346864

370 Dittersdorf the Shield-Bearer (level 6, -1/40 HPs)
             Began as a Gargoyle Fighter on Aug 4, 2023.
             Slain by a gnoll
             ... wielding a +1 halberd of venom
             ... led by a gnoll bouda
              (8 damage)
             ... on level 4 of the Dungeon.
             The game lasted 00:03:48 (3133 turns).

Dittersdorf the Shield-Bearer (Gargoyle Fighter)    Turns: 3133, Time: 00:03:49

Health: -1/40      AC: 17    Str: 22    XL:     6   Next: 70%
Magic:  6/6        EV: 14    Int:  8    God:
Gold:   231        SH:  5    Dex: 15    Spells: 5/5 levels left

rFire   . . .        a - +0 flail
rCold   . . .        c - +0 buckler
rNeg    + + .        n - +2 scale mail {rN+}
rPois   ∞            (no helmet)
rElec   +            (no cloak)
rCorr   .            x - +1 pair of gloves
SInv    .            y - +0 pair of boots
Will    .....        (no amulet) Stlth
                     B - +5 ring of evasion
HPRegen 0.26/turn    v - +6 ring of dexterity
MPRegen 0.10/turn

%: no passive effects
@: no status effects
A: sickness immunity, AC +4, negative energy resistance 1, electricity
resistance, torment resistance 1, petrification resistance
a: no special abilities


You were on level 4 of the Dungeon.
You visited 1 branch of the dungeon, and saw 4 of its levels.

You collected 231 gold pieces.

Inventory:

Hand Weapons
 a - a +0 flail (weapon)
Missiles
 g - 11 poisoned darts
Armour
 c - a +0 buckler (worn)
 n - a +2 scale mail of positive energy (worn)
 x - a +1 pair of gloves (worn)
 y - a +0 pair of boots (worn)
Jewellery
 v - a +6 ring of dexterity (right hand)
 B - a +5 ring of evasion (left hand)
Scrolls
 e - 2 scrolls of fog {unknown}
 f - a scroll of noise {unknown}
 i - a scroll of enchant armour {unknown}
 k - 2 scrolls of teleportation {unknown}
 l - a scroll of torment {unknown}
 m - 4 scrolls of identify {unknown}
 p - 3 scrolls of immolation {unknown}
 r - a scroll of vulnerability {unknown}
 w - a scroll of poison {unknown}
Potions
 b - a potion of curing {unknown}
 d - 2 potions of might
 h - 2 potions of mutation {unknown}
 j - a potion of magic {unknown}
 o - a potion of resistance {unknown}
 q - a potion of degeneration {unknown}
 s - a potion of invisibility {unknown}
 t - a potion of lignification {unknown}
 u - 3 potions of brilliance {unknown}
 z - a potion of berserk rage {unknown}
 A - a potion of ambrosia {unknown}


   Skills:
 + Level 4.8 Fighting
 + Level 3.8 Maces & Flails
 + Level 4.9 Armour
 + Level 4.9 Shields


You had 5 spell levels left.
You didn't know any spells.
Your spell library contained the following spells:

 Spells                   Type           Power      Damage    Failure   Level
 Shock                    Conj/Air       0%         1d3       78%         1
 Wereblood                Tmut           0%         N/A       89%         2
 Swiftness                Air            0%         N/A       98%         3
 Airstrike                Air            0%         2d(0-16)  100%        4
 Summon Hydra             Summ           0%         N/A       100%        7
 Sublimation of Blood     Necr           Unusable   N/A       N/A         2

Dungeon Overview and Level Annotations

Branches:
Dungeon (4/15)
 Temple: D:4-7

Altars:
Cheibriados

Shops:
D:1 (?   D:2 (


Innate Abilities, Weirdness & Mutations

You are immune to sickness and miasma.
Your stone body is resilient. (AC +4)
You are immune to poison.
You resist negative energy. (rN+)
You are resistant to electric shocks. (rElec)
You are resistant to unholy torment.
You are immune to petrification.


Message History

The gnoll misses you. You block the gnoll bouda's attack.
The gnoll barely misses you. The gnoll closely misses you.
The gnoll hits you but does no damage. The gnoll barely misses you.
The gnoll bouda misses you. The gnoll barely misses you.
The gnoll hits you but does no damage.
The gnoll hits you from afar with a +0 spear.
The gnoll closely misses you.
There is an escape hatch in the ceiling here.
Things that are here:
a +0 whip; a gnoll corpse You hit the gnoll bouda.
The gnoll bouda is moderately wounded.
You block the gnoll's attack. You block the gnoll bouda's attack.
The gnoll hits you from afar with a +0 spear.
The gnoll hits you but does no damage.
You hit the gnoll bouda.
The gnoll bouda is heavily wounded.
The gnoll hits you with a +1 halberd of venom.
The gnoll bouda closely misses you.
The gnoll hits you from afar with a +0 spear!
* * * LOW HITPOINT WARNING * * *
The gnoll completely misses you.
You closely miss the gnoll bouda.
The gnoll bouda is heavily wounded.
You block the gnoll's attack. The gnoll hits you but does no damage.
The gnoll bouda barely misses you. The gnoll closely misses you.
You hit the gnoll bouda.
The gnoll bouda is almost dead.
The gnoll barely misses you.
The gnoll bouda hits you with a +0 whip.
* * * LOW HITPOINT WARNING * * *
The gnoll barely misses you. You block the gnoll's attack. x2
The gnoll bouda prays to its god.
The gnoll bouda is healed somewhat.
The gnoll completely misses you.
You hit the gnoll bouda but do no damage.
The gnoll bouda is heavily wounded.
Your attacks no longer feel as feeble.
The gnoll closely misses you.
The gnoll hits you with a +1 halberd of venom!
You die...

#.# ######
#)# #....#
#.# #....#
#.# ##....#
#######.###
#<....#
.........#.
#...g#
########...
#..gg########
##...
#@g(......#
##....
#########.#
#....#
#.###...##
#.##...##.
#.#...##..
#.#.###...
#....#....
######...#
#...##


You could see a gnoll bouda and 3 gnolls.

Vanquished Creatures
  Jessica (D:2)
  Natasha (thrice) (D:2)
  Terence (D:2)
  3 iguanas
  An orc wizard (D:4)
  A mummy (D:3)
  2 gnolls (D:4)
  2 adders
  2 worms
  4 dart slugs
  3 orcs (D:4)
  4 endoplasms
  4 giant cockroaches
  7 hobgoblins
  4 jackals (D:1)
  5 quokkas
  5 ball pythons
  8 bats
  3 frilled lizards (D:1)
  11 goblins
  6 kobolds
  3 rats
83 creatures vanquished.

Notes
Turn   | Place    | Note
-------+----------+-------------------------------------------
     0 | D:1      | Dittersdorf the Gargoyle Fighter began the quest for the
                  | Orb.
     0 | D:1      | Reached XP level 1. HP: 14/14 MP: 1/1
   116 | D:1      | Found Qees's Antique Weapon Shoppe.
   141 | D:1      | Reached XP level 2. HP: 19/19 MP: 2/2
   287 | D:1      | Found Omeasi Caeqe's Magic Scroll Boutique.
   410 | D:1      | Reached XP level 3. HP: 23/23 MP: 3/3
   477 | D:1      | Found a faded altar of an unknown god.
   781 | D:2      | Noticed Jessica
   793 | D:2      | Killed Jessica
   794 | D:2      | Reached XP level 4. HP: 20/29 MP: 4/4
   929 | D:2      | Noticed Natasha
   933 | D:2      | Killed Natasha
   979 | D:2      | Noticed Terence
   996 | D:2      | Killed Terence
   997 | D:2      | Reached XP level 5. HP: 14/33 MP: 5/5
  1279 | D:2      | Found Ydalam's Antique Weapon Shoppe.
  1369 | D:2      | Noticed Natasha
  1387 | D:2      | Killed Natasha
  1468 | D:2      | Noticed Natasha
  1474 | D:2      | Killed Natasha
  1520 | D:2      | Reached XP level 6. HP: 32/39 MP: 6/6
  1940 | D:3      | Found a snail-covered altar of Cheibriados.
  3133 | D:4      | Slain by a gnoll

Illustrated notes

Levels and vault maps discovered:
D:1:      dpeg_arrival_lava_temple_mockup, layout_basic,
          ebering_ecumenical_altar_mist, serial_shops,
          nicolae_shop_tiny_statue_garden, nicolae_lakefront_shop,
          hangedman_glass_teeth, minmay_unequal
D:2:      layout_loops_cross, serial_shops, nicolae_shop_rolling_square,
          grunt_ministairs_2, uniq_natasha, uniq_jessica, uniq_terence
D:3:      layout_loops_ring, slow_altar_1, chequers_decorated_corner,
          minivault_5
D:4:      layout_basic, nrook_mini_backslash

Skill      XL: |  1  2  3  4 |
---------------+-------------+-----
Armour         | 4 |  4.9
Fighting       | 4 |  4.8
Shields        | 4 |  4.9
Maces & Flails | 3 |  3.8

Action                     |  1- 3 |  4- 6 || total
---------------------------+-------+-------++-------
  Melee: Flail             |   119 |   193 ||   312
 Armour: Scale mail        |    18 |   105 ||   123
         Chain mail        |   109 |    38 ||   147
  Dodge: Dodged            |    90 |   133 ||   223
  Block: Buckler           |    52 |    46 ||    98

Table legend: (Time is in decaauts)
 A = Elapsed time spent in this place.
 B = Non-inter-level travel time spent in this place.
 C = Inter-level travel time spent in this place.
 D = Time resting spent in this place.
 E = Time spent auto-exploring this place.
 F = Levels seen in this place.
 G = Mean time per level.
                   A        B        C        D        E       F      G
               +--------+--------+--------+--------+--------+-----+--------+
         Total |   3222 |   3120 |    102 |    164 |   2231 |   4 |  805.5 |
       Dungeon |   3222 |   3120 |    102 |    164 |   2231 |   4 |  805.5 |
               +--------+--------+--------+--------+--------+-----+--------+

Top non-repeatable levels by time:
     D:3: 954 daAuts
     D:2: 927 daAuts
     D:1: 815 daAuts
     D:4: 524 daAuts
